 Dungeon Crawl Stone Soup version 0.25-a0-167-g836c352ace (webtiles) character file.

Game seed: 15976173255916285238, levelgen mode: deterministic

51 tilp the Gusty (level 3, 0/19 HPs)
             Began as a Tengu Air Elementalist on Nov 25, 2019.
             Slain by Natasha (8 damage)
             ... on level 2 of the Dungeon.
             The game lasted 00:03:07 (1380 turns).

tilp the Gusty (Tengu Air Elementalist)             Turns: 1380, Time: 00:03:08

Health: 0/19       AC:  2    Str:  8    XL:     3   Next: 83%
Magic:  1/7        EV: 15    Int: 16    God:
Gold:   70         SH:  0    Dex: 14    Spells: 0/6 levels left

rFire    . . .     SeeInvis .   a - +0 dagger
rCold    . . .     Gourm    .   (no shield)
rNeg     . . .     Faith    .   d - +0 robe
rPois    .         Spirit   .   (helmet restricted)
rElec    .         Reflect  .   (no cloak)
rCorr    .         Harm     .   (no gloves)
MR       .....                  (boots unavailable)
Stlth    ++........             (no amulet)
HPRegen  0.06/turn              (no ring)
MPRegen  0.10/turn              (no ring)

@: flying quickly and evasively, slowed, very slow
A: beak, talons 3
a: no special abilities


You were on level 2 of the Dungeon.
You were not hungry.

You visited 1 branch of the dungeon, and saw 2 of its levels.

You collected 70 gold pieces.

Inventory:

Hand Weapons
 a - a +0 dagger (weapon)
Missiles
 b - 23 stones (quivered)
 f - 7 atropa-tipped darts
Armour
 d - a +0 robe (worn)
Jewellery
 g - an uncursed ring of fire {unknown}
Comestibles
 c - 6 rations
 h - 6 chunks of flesh


   Skills:
 - Level 2.1 Dodging
 - Level 2.0 Stealth
 + Level 2.2 Spellcasting
 + Level 4.2 Conjurations
 + Level 4.2 Air Magic


You couldn't memorise any spells.
You knew the following spells:

 Your Spells              Type           Power        Failure   Level  Hunger
a - Shock                 Conj/Air       ###.         3%          1    #......
b - Swiftness             Chrm/Air       #.......     13%         2    ###....
c - Static Discharge      Conj/Air       ###.....     11%         3    ###....

Your spell library contained the following spells:

 Spells                   Type           Power        Failure   Level  Hunger
 Airstrike                Air            ###.......   34%         4    #####..
 Lightning Bolt           Conj/Air       ###.......   67%         5    ######.


Dungeon Overview and Level Annotations

Branches:
Dungeon (2/15)

Altars:

Annotations:
D:2 Natasha


Innate Abilities, Weirdness & Mutations

You have a beak for a mouth.
You have claws for feet.


Message History

Unknown command.
You aren't carrying any scrolls.
Unknown command.
Unknown command.
Casting: Shock (safe; 3% risk of failure)
Confirm with . or Enter, or press ? or * to list all spells.
You don't have enough magic to cast that spell.
Natasha howls an incantation.
Natasha shimmers violently.
Natasha stares at you and mumbles some strange words.
You resist with significant effort.
Natasha mumbles some strange words.
You feel disoriented.
Natasha stares at you and mumbles some strange words.
The magic dart hits you.
* * * LOW HITPOINT WARNING * * *
It was a potion of flight.
You feel very buoyant.
You swoop lightly up into the air.
Natasha claws you!
You die...

#.#.. #.#.############### #.
#†#...............#
####.###.#..##########.###
.........#..# #.#
#####.##..#..# #.#
........).#.>###### #.#
..........h......>. #.#
####.....#@#####.## #.#
#...#...........#.#.#
######...#.#######.#.#.#.#
.................. #.#.#.#
###########..######### #.#(#.#
.............# #.#.#.# ...
.....###.# #######.#.#.#
.#g............ ........#.#.#
....###..................#÷#.#


You could see Natasha.

Vanquished Creatures
  An adder (D:2)
  A worm (D:2)
  4 dart slugs (D:1)
  3 leopard geckos
  3 bats
  A giant cockroach (D:1)
  2 goblins
  4 hobgoblins
  2 jackals (D:1)
  2 frilled lizards (D:1)
  A kobold (D:1)
  4 rats
28 creatures vanquished.

Notes
Turn   | Place    | Note
-------+----------+-------------------------------------------
     0 | D:1      | tilp the Tengu Air Elementalist began the quest for the
                  | Orb.
     0 | D:1      | Reached XP level 1. HP: 10/10 MP: 4/4
   154 | D:1      | Reached XP level 2. HP: 15/15 MP: 3/6
   158 | D:1      | Learned a level 2 spell: Swiftness
   597 | D:1      | Reached XP level 3. HP: 19/19 MP: 4/7
   602 | D:1      | Learned a level 3 spell: Static Discharge
  1370 | D:2      | Noticed Natasha
  1380 | D:2      | Slain by Natasha

Levels and vault maps discovered:
D:1:      shiori_arrival_maze, layout_loops_ring
D:2:      layout_basic, uniq_natasha

Skill      XL: |  1  2  3 |
---------------+----------+-----
Conjurations   | 2 3 4 |  4.2
Dodging        | |  2.1
Stealth        | |  2.0
Spellcasting   | |  2.2
Air Magic      | |  4.2

Action                   || total
-------------------------++-------
 Cast: Shock             ||    62
  Use: Potion            ||     1
  Eat: Chunk             ||     2
Armor: Robe              ||     1
Dodge: Dodged            ||    13

Table legend:
 A = Non-vault XP
 B = Vault XP
 C = Vault XP percentage of total XP
 D = Non-vault monster count
 E = Vault monster count
 F = Vault count percentage of total count
                 A         B        C        D         E       F
            +---------+---------+-------+---------+---------+-------
      Total |      71 |       3 |   4.1 |      26 |       2 |   7.1
            +---------+---------+-------+---------+---------+-------
        D:1 |      41 |       3 |   6.8 |      18 |       2 |  10.0
        D:2 |      30 |       0 |   0.0 |       8 |       0 |   0.0
            +---------+---------+-------+---------+---------+-------
